 Dungeon Crawl Stone Soup version 0.23.0 (webtiles) character file.

Game seed: 6547873147309125932

929 DrEnzyme the Cudgeler (level 8, -1/48 HPs)
             Began as a Gargoyle Gladiator on Feb 14, 2019.
             Slain by Prince Ribbit (10 damage)
             ... on level 5 of the Dungeon.
             The game lasted 00:05:50 (4055 turns).

DrEnzyme the Cudgeler (Gargoyle Gladiator)          Turns: 4055, Time: 00:05:50

Health: -1/48      AC: 13    Str: 21    XL:     8   Next: 11%
Magic:  8/8        EV: 10    Int:  8    God:
Gold:   160        SH:  9    Dex: 11    Spells: 7/7 levels left

rFire    . . .     SeeInvis .   a - +0 flail
rCold    . . .     Gourm    .   p - +0 shield
rNeg     + . .     Faith    .   u - +0 ring mail
rPois    ∞         Spirit   .   c - +0 helmet
rElec    +         Reflect  .   (no cloak)
rCorr    .         Harm     .   m - +0 pair of gloves (curse)
MR       .....                  (no boots)
Stlth    +.........             (no amulet)
HPRegen  0.16/turn              (no ring)
MPRegen  0.11/turn              (no ring)

@: no status effects
A: negative energy resistance 1, electricity resistance, unbreathing,
petrification resistance, rot immunity, AC +5
a: no special abilities


You were on level 5 of the Dungeon.
You were not hungry.

You visited 1 branch of the dungeon, and saw 5 of its levels.

You collected 160 gold pieces.

Inventory:

Hand Weapons
 a - a +0 flail (weapon)
Missiles
 d - 3 throwing nets (quivered)
Armour
 b - a +0 leather armour
 c - a +0 helmet (worn)
 m - a cursed +0 pair of gloves (worn)
 p - a +0 shield (worn)
 u - a +0 ring mail (worn)
Wands
 t - a wand of polymorph (10)
Scrolls
 e - 2 scrolls of teleportation
 h - 2 scrolls of enchant weapon {unknown}
 i - a scroll of identify
 k - a scroll of magic mapping
 n - 2 scrolls of enchant armour {unknown}
 s - a scroll of random uselessness {unknown}
 v - a scroll of fear {unknown}
Potions
 g - a potion of lignification
 j - a potion of heal wounds
 l - a potion of ambrosia
 o - 2 potions of curing
 q - a potion of brilliance {unknown}
 r - a potion of berserk rage {unknown}
 w - a potion of agility {unknown}
Comestibles
 f - 11 rations


   Skills:
 + Level 3.7 Fighting
 + Level 6.3 Maces & Flails
 + Level 1.8 Throwing
 + Level 3.1 Armour
 + Level 3.9 Dodging
 + Level 0.7 Stealth
 * Level 4.3 Shields


You had 7 spell levels left.
You didn't know any spells.
Your spell library was empty.

Dungeon Overview and Level Annotations

Branches:
Dungeon (5/15)
 Temple: D:4-7

Altars:
Elyvilon
Hepliaklqana
Okawaru
Trog
Wu Jian
Xom

Annotations:
D:5 Prince Ribbit


Innate Abilities, Weirdness & Mutations

You are resistant to torment.
Your stone body is resilient. (AC +5)
You are immune to poison.
You resist negative energy. (rN+)
You are resistant to electric shocks. (rElec)
You can survive without breathing.
You are immune to petrification.
You are immune to rotting.


Message History

You hit Prince Ribbit.
Prince Ribbit is severely wounded.
Prince Ribbit hits you but does no damage.
You block Prince Ribbit's attack.
Your shield and ring mail prevent you from hitting Prince Ribbit.
Prince Ribbit is heavily wounded.
You block Prince Ribbit's attack.
Your shield prevents you from hitting Prince Ribbit.
Prince Ribbit is heavily wounded.
Prince Ribbit hits you!
Prince Ribbit blinks!
Prince Ribbit blinks!
Prince Ribbit blinks!
You see here an iguana corpse.
Prince Ribbit winks and puckers his lips.
Prince Ribbit hits you!
* * * LOW HITPOINT WARNING * * *
You barely miss Prince Ribbit.
Prince Ribbit is heavily wounded.
Prince Ribbit hits you!
You die...

#..............#.....#..#
#.....................#
##.#........##..#†#....#
#..#.......######.##...#
#####..##......# ##.# ##..#
.......#....##.## ##..###
...
####............###.....#
.#
..........#..#..##......# #
.#.#......##.##.@F.....###
.._......##................
.#.#.######.....#....>....#
.....# #.....#..........#
###### ###...#.......#...
#..♣≈###...####. #≈≈♣≈.
...# #≈≈≈≈.. #### ###..###


You could see Prince Ribbit.

Vanquished Creatures
  Grinder (D:4)
  An ogre (D:4)
  A scorpion (D:4)
  3 wights
  A crimson imp (D:5)
  A bullfrog zombie (D:5)
  2 hounds
  Ijyb (D:4)
  An iguana (D:5)
  3 worker ants (D:4)
  4 gnolls (D:4)
  9 adders
  2 oozes
  2 worms
  5 dart slugs
  4 leopard geckos
  4 giant cockroaches
  7 goblins
  9 hobgoblins
  4 jackals (D:4)
  8 kobolds
  3 quokkas
  5 bats
  8 frilled lizards
  A jackal skeleton (D:4)
  2 leopard gecko skeletons (D:4)
  A quokka skeleton (D:4)
  8 rats
101 creatures vanquished.

Notes
Turn   | Place    | Note
-------+----------+-------------------------------------------
     0 | D:1      | DrEnzyme the Gargoyle Gladiator began the quest for the
                  | Orb.
     0 | D:1      | Reached XP level 1. HP: 12/12 MP: 1/1
    71 | D:1      | Reached XP level 2. HP: 14/17 MP: 2/2
   541 | D:1      | Reached XP level 3. HP: 20/22 MP: 3/3
   809 | D:2      | Found a bloodstained altar of Trog.
   912 | D:2      | Reached skill level 1 in Armour
  1629 | D:2      | Reached XP level 4. HP: 25/27 MP: 4/4
  1895 | D:3      | Reached skill level 4 in Maces & Flails
  2069 | D:3      | Found a bloodstained altar of Trog.
  2086 | D:3      | Found a shimmering altar of Xom.
  2086 | D:3      | Found a shimmering altar of Xom.
  2088 | D:3      | Found a shimmering altar of Xom.
  2329 | D:3      | Found a white marble altar of Elyvilon.
  2391 | D:4      | Reached XP level 5. HP: 22/31 MP: 5/5
  2417 | D:4      | Reached skill level 1 in Shields
  2486 | D:4      | Noticed an ogre
  2496 | D:4      | Killed an ogre
  2496 | D:4      | Reached skill level 5 in Maces & Flails
  2496 | D:4      | Reached XP level 6. HP: 14/37 MP: 6/6
  2670 | D:4      | Noticed Ijyb
  2680 | D:4      | Killed Ijyb
  2883 | D:4      | Found a hazy altar of Hepliaklqana.
  2959 | D:4      | Noticed Grinder
  2968 | D:4      | Paralysed by Grinder for 6 turns
  2990 | D:4      | Paralysed by Grinder for 5 turns
  3010 | D:4      | Paralysed by Grinder for 2 turns
  3025 | D:4      | Killed Grinder
  3025 | D:4      | Reached XP level 7. HP: 23/41 MP: 7/7
  3477 | D:5      | Entered Level 5 of the Dungeon
  3707 | D:5      | Reached skill level 6 in Maces & Flails
  3715 | D:5      | Found an ornate altar of the Wu Jian Council.
  3816 | D:5      | Reached XP level 8. HP: 47/47 MP: 8/8
  3943 | D:5      | Found an iron altar of Okawaru.
  3995 | D:5      | Noticed Prince Ribbit
  4055 | D:5      | Slain by Prince Ribbit

Skill      XL: |  1  2  3  4  5  6  7 |
---------------+----------------------+-----
Armour         | 1 2 3 |  3.1
Maces & Flails | 4 5 6 |  6.3
Dodging        | 3 |  3.9
Shields        | 1 3 4 |  4.3
Fighting       | 3 |  3.7
Throwing       | |  1.8
Stealth        | |  0.7

Action                   |  1- 3 |  4- 6 |  7- 9 || total
-------------------------+-------+-------+-------++-------
Melee: Flail             |   133 |   214 |   158 ||   505
  Use: Scroll            |     4 |     3 |     1 ||     8
       Potion            |       |     2 |       ||     2
 Stab: Sleeping          |     1 |       |       ||     1
  Eat: Chunk             |     2 |     5 |     4 ||    11
Armor: Leather armour    |    61 |    69 |       ||   130
       Ring mail         |       |    18 |    78 ||    96
       Skin              |       |     4 |       ||     4
Dodge: Dodged            |   105 |    86 |    92 ||   283
Block: Shield            |       |    86 |    90 ||   176
